Unix NetHack Version 5.0.0-0 post-release - last build Jul 19 2026 19:10:59 (3aa4ab31751d3886436d94b585a96704892fd477,branch:main).

Game began 2026-07-25 17:24:02, ended 2026-07-25 17:37:24.

Jinnora, lawful female human Archeologist

                                             ------
                      #######################-....-####  ------------
                   `###  --------            |.>..|   ###...........|
                   #     .......             |....|      |..........|
                 ###     .....               -.--.-      |.........`|
                 #      ....                             ----|----.--
                 #     |Bo                                   #### #
                #######@-                                       #
 ---------- #####                                               #
 |.........####                                                 ###
 |........|#                                                      #
 |...^.....#                                                      ##
 |........|                                                   -----.----
 ----------                                                   |........|
                                                              |...<....|
                                                              |........|
                                                              |........|
                                                              ----------

Jinnora the Digger         St:11 Dx:9 Co:13 In:17 Wi:16 Ch:10  Lawful
Dlvl:4  $:30 HP:0(16) Pw:6(6) AC:8  Xp:2/36 T:2181  Burdened

Latest messages:
 What do you want to wear? [D or ?*] D
 You feel that monsters have difficulty pinpointing your location.
 You are now wearing a cloak of displacement.
 What do you want to use or apply? [ae-hstvxCE or ?*] e
 You now wield an uncursed +0 pick-axe.
 In what direction do you want to dig? [79632>] 6
 You start digging.
 You hit the rock with all your might.
 You succeed in cutting away some rock.
 What do you want to use or apply? [ae-hstvxCE or ?*] e
 In what direction do you want to dig? [896321>] 6
 You start digging.
 You hit the rock with all your might.
 You succeed in cutting away some rock.
 What do you want to use or apply? [ae-hstvxCE or ?*] e
 In what direction do you want to dig? [7896321>] 6
 You start digging.
 You hit the rock with all your might.
 You succeed in cutting away some rock.
 What do you want to use or apply? [ae-hstvxCE or ?*] e
 In what direction do you want to dig? [7896321>] 6
 You start digging.
 You hit the rock with all your might.
 You succeed in cutting away some rock.
 What do you want to use or apply? [ae-hstvxCE or ?*] e
 In what direction do you want to dig? [7896321>] 6
 You start digging.
 You hit the rock with all your might.
 You succeed in cutting away some rock.
 What do you want to use or apply? [ae-hstvxCE or ?*] e
 In what direction do you want to dig? [7896321>] 6
 You start digging.
 You hit the rock with all your might.
 You make an opening in the wall.
 The goblin throws a crude dagger!
 You are hit by a crude dagger.
 What do you want to use or apply? [ae-hstvxCE or ?*] e
 In what direction do you want to dig? [786321>] 6
 You start digging.
 You hit the rock with all your might.
 You stop digging.
 The giant bat bites!
 The giant bat bites!
 You begin bashing monsters with your pick-axe.
 You hit the giant bat.
 The giant bat bites!
 The giant bat bites!
 The giant bat bites!
 You die...
 Do you want your possessions identified? [ynq] (y) q

Inventory:
 Coins    ('$')
  $ - 30 gold pieces
 Weapons  (')')
  r - an uncursed +0 elven bow
  o - a blessed +0 dart
  n - 19 uncursed +0 darts (at the ready)
  w - an uncursed +0 orcish dagger
  a - a blessed +2 bullwhip
 Armor    ('[')
  c - an uncursed +0 fedora (being worn)
  D - an uncursed +0 cloak of displacement (being worn)
  b - an uncursed +0 leather jacket (being worn)
 Comestibles  ('%')
  p - an uncursed cram ration
  d - 3 uncursed food rations
  m - a cursed food ration
  i - 2 uncursed lichen corpses
 Scrolls  ('?')
  G - an uncursed scroll of enchant armor
  y - an uncursed scroll of gold detection
  j - an uncursed scroll of identify
  u - an uncursed scroll of magic mapping
 Spellbooks  ('+')
  s - an uncursed spellbook of jumping
 Potions  ('!')
  F - an uncursed potion of booze
  k - an uncursed potion of confusion
  l - an uncursed potion of invisibility
 Wands    ('/')
  E - an uncursed wand of speed monster (0:6)
 Tools    ('(')
  t - an empty uncursed bag of holding
  h - an empty uncursed sack
  v - an uncursed leash
  C - an uncursed magic marker (0:78)
  x - an uncursed magic whistle
  e - an uncursed +0 pick-axe (weapon in right hand)
  f - an uncursed tinning kit (0:69)
 Gems/Stones  ('*')
  g - an uncursed touchstone

Jinnora the Archeologist's attributes:

Background:
 You were a Digger, a level 2 female human Archeologist.
 You were lawful, on a mission for Quetzalcoatl
 who was opposed by Camaxtli (neutral) and Huhetotl (chaotic).
 You were right-handed.
 You were in the Dungeons of Doom, on level 4.
 You entered the dungeon 2181 turns ago.
 You had 36 experience points, 4 more were needed to attain level 3.

Basics:
 You had 0 out of 16 hit points.
 You had all 6 energy points (spell power).
 Your armor class was 8.
 Your wallet contained 30 zorkmids.
 Autopickup was off.

Final Characteristics:
 Your strength was 11 (limit:18/100).
 Your dexterity was 9 (limit:18).
 Your constitution was 13 (limit:18).
 Your intelligence was 17 (limit:18).
 Your wisdom was 16 (limit:18).
 Your charisma was 10 (limit:18).

Final Status:
 You weren't hungry.
 You were burdened; movement was slightly slowed.
 You were wielding a pick-axe.
 You had basic skill with pick-axe.

Final Attributes:
 You were devoutly aligned.
 You had automatic searching.
 You were displaced.
 You were warded.
 You were lucky.
 You are dead.

Miscellaneous:
 You didn't encounter any bones levels.
 Total elapsed playing time was 13 minutes and 21 seconds.

Major events:
 Turn
    1: Jinnora the lawful female human Archeologist entered the dungeon
 1076: entered the Gnomish Mines
 2181: killed by a giant bat

Spells:
 Name                 Level Category     Fail Retention
 jumping                1   escape         0%  76%-100%

Skills:
 Fighting Skills
   bare handed combat [Unskilled]
   two weapon combat  [Unskilled]
   riding             [Unskilled]
 Weapon Skills
   dagger             [Unskilled]
   knife              [Unskilled]
   pick-axe           [Basic]
   short sword        [Unskilled]
   saber              [Unskilled]
   club               [Unskilled]
   quarterstaff       [Unskilled]
   sling              [Unskilled]
   dart               [Unskilled]
   boomerang          [Unskilled]
   whip               [Basic]
   unicorn horn       [Unskilled]
 Spellcasting Skills
   attack spells      [Unskilled]
   healing spells     [Unskilled]
   divination spells  [Unskilled]
   matter spells      [Unskilled]

Voluntary challenges:
 Character rerolling was not enabled.
 You never genocided any monsters.
 You never polymorphed an object.
 You never changed form.
 You used no wishes.
Achievements:
 You entered a shop.
 You entered the Gnomish Mines.

 The Dungeons of Doom: levels 1 to 5
    Level 1:
       Some fountains, a sink.
    Level 2:
       A potion shop.
    Level 3:
       A general store, a fountain, a grave.
       Stairs down to The Gnomish Mines.
    Level 4: <- You were here.
       Final resting place for
          you, killed by a giant bat.
    Level 5:
 The Gnomish Mines:
    Level 4:


Vanquished creatures:
  a shrieker
  2 gas spores
  a hobbit
  a large kobold
  a giant rat
  2 geckos
  4 jackals
  4 foxes
  3 goblins
  2 sewer rats
  6 grid bugs
  a bat
  4 lichens
  2 kobold zombies
  2 newts
36 creatures vanquished.

No species were genocided or became extinct.

Game over:
                       ----------
                      /          \
                     /    REST    \
                    /      IN      \
                   /     PEACE      \
                  /                  \
                  |     Jinnora      |
                  |      30 Au       |
                  |   killed by a    |
                  |    giant bat     |
                  |                  |
                  |                  |
                  |       2026       |
                 *|     *  *  *      | *
        _________)/\\_//(\/(/\)/\//\/|_)_______

Goodbye Jinnora the Archeologist...

You died in The Dungeons of Doom on dungeon level 4 with 371 points,
and 30 pieces of gold, after 2181 moves.
You were level 2 with a maximum of 16 hit points when you died.

